 Dungeon Crawl Stone Soup version 0.18-a0-1800-gdc7a371 (webtiles) character file.

135 zxpr0jk the Chiller (level 4, 0/33 HPs)
             Began as a Draconian Ice Elementalist on Apr 25, 2016.
             Slain by Sigmund
             ... wielding a +0 scythe
              (9 damage)
             ... on level 3 of the Dungeon.
             The game lasted 00:03:32 (1826 turns).

zxpr0jk the Chiller (Draconian Ice Elementalist)    Turns: 1826, Time: 00:03:34

Health: 0/33       AC:  6    Str: 11    XL:     4   Next: 96%
Magic:  8/9        EV: 12    Int: 15    God:
Gold:   121        SH:  0    Dex: 12    Spells: 1 memorised, 8 levels left

rFire  + . .     SeeInvis .     e - +1 dagger (freeze)
rCold  . . .     Gourm    .     (armour unavailable)
rNeg   . . .     Faith    .     (no shield)
rPois  .         Spirit   .     (helmet restricted)
rElec  .         Dismiss  .     (no cloak)
rCorr  .         Reflect  .     t - +0 pair of gloves
SustAt .         Harm     .     (no boots)
MR     .....                    (no amulet)
Stlth  ++........               (no ring)
                                m - ring of protection from fire

@: not resistant to hostile enchantments, unstealthy
A: unfitting armour, cold-blooded, AC +5
a: no special abilities


You were on level 3 of the Dungeon.
You were not hungry.

You visited 1 branch of the dungeon, and saw 3 of its levels.

You collected 121 gold pieces.

Inventory:

Hand Weapons
 e - a +1 dagger of freezing (weapon)
Missiles
 f - 87 stones (quivered)
 i - 41 sling bullets
 l - 14 poisoned needles
Armour
 t - a +0 pair of gloves (worn)
Jewellery
 m - a ring of protection from fire (left hand)
Scrolls
 c - a scroll of recharging {unknown}
 d - a scroll of identify {unknown}
 k - a scroll of remove curse {unknown}
 n - a scroll of fog {unknown}
 s - a scroll of enchant armour {unknown}
Potions
 p - a potion of heal wounds {unknown}
 q - a potion of brilliance {unknown}
 r - a potion of curing
 u - a potion of cure mutation {unknown}
Books
 a - a book of Frost

   Spells                             Type                      Level
   a - Freeze                         Ice                          1
   b - Throw Frost                    Conjuration/Ice              2
   c - Ozocubu's Armour               Charms/Ice                   3
   d - Throw Icicle                   Conjuration/Ice              4
   e - Summon Ice Beast               Ice/Summoning                4
Comestibles
 b - a bread ration
 g - a beef jerky
 h - a royal jelly
 j - 3 meat rations
 o - 2 chunks of flesh


   Skills:
 - Level 1.7 Dodging
 - Level 1.7 Stealth
 + Level 3.3 Spellcasting
   Level 1.0 Conjurations
 * Level 4.8 Ice Magic


You had 8 spell levels left.
You knew the following spells:

 Your Spells              Type           Power        Failure   Level  Hunger
a - Freeze                Ice            ###.         2%          1    None


Dungeon Overview and Level Annotations

Branches:
Dungeon (3/15)

Altars:
Yredelemnul

Annotations:
D:3 Sigmund


Innate Abilities, Weirdness & Mutations

Your plain brown scales are hard (AC +5).
Your body does not fit into most forms of armour.
You are cold-blooded and may be slowed by cold attacks.


Message History

The kobold hits you but does no damage. The jackal barely misses you.
The gnoll barely misses you. The adder bites you but does no damage.
You barely miss the jackal.
The jackal is heavily wounded.
The rat barely misses you. Something hits you. The gnoll closely misses you.
The jackal bites you but does no damage.
The adder closely misses you. The kobold hits you but does no damage.
The gnoll closely misses you.
Casting: Freeze
Confirm with . or Enter, or press ? or * to list all spells.
Aiming: Freeze
Press: ? - help, Shift-Dir - straight line, f - jackal
Aim: a jackal (heavily wounded)
You freeze the jackal.
You kill the jackal!
The rat closely misses you.
The gnoll hits you from afar with a spear.
* * * LOW HITPOINT WARNING * * *
The adder barely misses you. The kobold barely misses you. Something hits you!
You die...

#.# ...# #.# ..#.#{.
#.##....... ###.......#.##
#...##.####$.. #...#........#
######### ####...#..#.##...
#.......######Kgo.......#g#r.#
#.#####.##..(@Sgg........#.gg.
#.##.......###r.(.).....#.#.##
###....##.####........#..#.##.#
#.........# #...(...(...(....#
#.##.....## #........#.#######
#.##.....# #.....##.#.# .
#.##.....# #.....##.#.# .
#.##.....# ###.####.#.# .
#.##.....# #.# #.#.#######.


You could see 3 gnolls, an adder, an orc, a kobold and a rat.

Vanquished Creatures
  The ghost of Captinkiss the Sneak, an amateur VSAs (D:3)
  A gnoll (D:3)
  An adder (D:3)
  A worm (D:2)
  A dart slug (D:1)
  3 giant geckos (D:1)
  An orc (D:3)
  5 bats
  A giant cockroach (D:1)
  4 goblins
  6 hobgoblins
  5 jackals
  5 kobolds
  A quokka (D:2)
  A giant newt (D:3)
  3 rats
40 creatures vanquished.

Notes
Turn   | Place    | Note
--------------------------------------------------------------
     0 | D:1      | zxpr0jk the Draconian Ice Elementalist began the quest for the Orb.
     0 | D:1      | Reached XP level 1. HP: 14/14 MP: 3/3
    74 | D:1      | Reached XP level 2. HP: 2/20 MP: 0/5
   920 | D:1      | Reached XP level 3. HP: 24/26 MP: 7/7
  1299 | D:2      | Found a basalt altar of Yredelemnul.
  1600 | D:3      | Noticed Captinkiss's ghost (amateur VSAs)
  1611 | D:3      | Killed Captinkiss's ghost
  1611 | D:3      | Reached skill level 4 in Ice Magic
  1611 | D:3      | Reached XP level 4. HP: 20/33 MP: 2/8
  1801 | D:3      | Noticed Sigmund
  1826 | D:3      | Slain by Sigmund

Vault maps used:
D:1:      dpeg_arrival_long_road
D:2:      yredelemnul_altar_generic, first_bread
D:3:      uniq_sigmund

Skill      XL: |  1  2  3 |
---------------+----------+-----
Spellcasting   | 3 |  3.3
Ice Magic      | 4 |  4.8
Dodging        | |  1.7
Stealth        | |  1.7
Conjurations   | |  1.0

Action                   |  1- 3 |  4- 6 || total
-------------------------+-------+-------++-------
Melee: Dagger            |    81 |    23 ||   104
       Unarmed           |     2 |       ||     2
       Tailslap          |     6 |     2 ||     8
Throw: Stone             |     4 |       ||     4
 Cast: Freeze            |    15 |     7 ||    22
  Use: Potion            |     1 |       ||     1
 Stab: Sleeping          |     3 |     1 ||     4
  Eat: Chunk             |     1 |     2 ||     3
Armor: Skin              |    31 |    15 ||    46
Dodge: Dodged            |    57 |    45 ||   102
